 Dungeon Crawl Stone Soup version 0.31-a0-237-g2d982f9f85 (webtiles) character file.

Game seed: 2575902622255355063

658 Ofeo the Trooper (level 7, -3/64 HPs)
             Began as an Armataur Reaver on July 9, 2023.
             Was an Initiate of Okawaru.
             Slain by an orc
             ... wielding a +0 flail
              (5 damage)
             ... on level 5 of the Dungeon on July 12, 2023.
             The game lasted 00:09:10 (6106 turns).

Ofeo the Trooper (Armataur Reaver)                  Turns: 6106, Time: 00:09:11

Health: -3/64      AC:  6    Str: 20    XL:     7   Next: 30%
Magic:  10/10      EV:  1    Int: 13    God:    Okawaru [......]
Gold:   324        SH:  0    Dex: -1 (8) Spells: 9/10 levels left

rFire   + . .        a - +0 hand axe
rCold   + . .        (no shield)
rNeg    . . .        t - +1 troll leather armour
rPois   +            (no helmet)
rElec   .            i - scarf "Niurah Ecva" {rC+ rF+, +Inv SInv}
rCorr   .            (no gloves)
SInv    +            (no barding)
Will    +....        (no amulet) Stlth
                     g - ring of willpower
HPRegen 1.10/turn    j - ring of poison resistance
MPRegen 0.12/turn

%: roll
@: slowed, lost dexterity, very slow
A: large, rugged brown scales 3, deformed body, armoured tail, roll, long
tongue, awkward tongue
a: Renounce Religion, Evoke Invisibility


You were on level 5 of the Dungeon.
You worshipped Okawaru.
Okawaru was noncommittal.
You visited 2 branches of the dungeon, and saw 6 of its levels.

You collected 324 gold pieces.

Inventory:

Hand Weapons
 a - a +0 hand axe (weapon)
Missiles
 f - 13 poisoned darts
 s - 4 boomerangs
Armour
 i - the scarf "Niurah Ecva" (worn) {rC+ rF+, +Inv SInv}
   (You found it on level 4 of the Dungeon)

   SInv:      It lets you see invisible.
   +Inv:      It lets you turn invisible.
 t - a +1 troll leather armour (worn)
Jewellery
 g - a ring of willpower (left hand)
 j - a ring of poison resistance (right hand)
Wands
 e - a wand of polymorph (7)
 k - a wand of mindburst (2)
Scrolls
 b - a scroll of brand weapon {unknown}
 c - a scroll of enchant weapon
 d - a scroll of vulnerability
 h - a scroll of teleportation {@r3}
 l - a scroll of blinking {@r4}
 n - a scroll of enchant armour
Potions
 m - a potion of resistance {@q6}
 o - 2 potions of haste {@q3}
 u - a potion of invisibility


   Skills:
 + Level 4.4 Fighting
 + Level 4.4 Axes
 + Level 3.5 Dodging
 - Level 2.0 Spellcasting
 - Level 3.0 Conjurations


You had 9 spell levels left.
You knew the following spells:

 Your Spells              Type           Power      Damage    Failure   Level
a - Kiss of Death         Conj/Necr      20%        2d7       16%         1

Your spell library contained the following spells:

 Spells                   Type           Power      Damage    Failure   Level
 Momentum Strike          Conj/Tloc      10%        3d8       24%         2
 Hailstorm                Conj/Ice       5%         3d4       43%         3
 Orb of Destruction       Conj           4%         9d5       100%        7
 Summon Guardian Golem    Hex/Summ       Unusable   N/A       N/A         3
 Spellforged Servitor     Conj/Summ      Unusable   N/A       N/A         7

Dungeon Overview and Level Annotations

Branches:
Dungeon (5/15)             Temple (1/1) D:4

Altars:
Ashenzari
Elyvilon
Fedhas
Gozag
Hepliaklqana
Kikubaaqudgha
Makhleb
Nemelex Xobeh
Okawaru
Qazlal
Ru
Trog
Uskayaw
Vehumet
Xom
Zin
The Shining One


Innate Abilities, Weirdness & Mutations

You are completely covered in rugged brown scales. (AC +3, +7% HP)
Armour fits poorly on your strangely shaped body.
You have a long armoured tail.
You roll when moving toward enemies. (Rampage)
Your long tongue fully drains potion bottles. (2x potion effects)
Your tongue gives you trouble enunciating. (1.5x scroll delay)


Message History

The orc wizard hits you with a +0 dagger.
* * * LOW HITPOINT WARNING * * *
The orc hits you but does no damage.
You take 1 damage, and have 13/64 hp.
You barely miss the orc wizard.
The orc wizard is almost dead.
You closely miss the orc.
The orc wizard hits you but does no damage.
The orc hits you but does no damage. The orc wizard casts a spell at you.
The puff of flame hits you. You resist.
* * * LOW HITPOINT WARNING * * *
The orc hits you with a +0 flail!
* * * LOW HITPOINT WARNING * * *
You take 10 damage, and have 3/64 hp.
You hit the orc wizard.
You kill the orc wizard!
Okawaru accepts your kill.
You hit the orc but do no damage. The orc hits you but does no damage.
You regained 2 hp, and now have 5/64 hp.
Okay, then.
You hit the orc. Your punch misses the orc.
The orc is heavily wounded.
The orc hits you but does no damage. The orc hits you with a +0 flail.
* * * LOW HITPOINT WARNING * * *
You completely miss the orc.
The orc is heavily wounded.
The orc hits you but does no damage. x2
You regained 2 hp, and now have 8/64 hp.
You barely miss the orc.
The orc is heavily wounded.
The orc hits you with a +0 flail!
* * * LOW HITPOINT WARNING * * *
You take 6 damage, and have 2/64 hp.
You hit the orc but do no damage.
The orc is moderately wounded.
The orc hits you with a +0 flail.
* * * LOW HITPOINT WARNING * * *
The orc hits you with a +0 flail.
You die...

.<...... .........#
.#.##.# ....###.
####[....# .... .####
#....... .. .# ####
##..#.### ... .# #..
#..#.# .#. .# #.# #.?#.#
.###.####### #..#.######
...........###..o)......
####....##<.....@)# #
##...######.#### # ##.##
#.# ### # #.# #.. #.. #
#.# #### #.# ######.#
#.# .......# .# #.#
.####### #.# #.# #.##
#.# #.#


You could see an orc.

Vanquished Creatures
  An ogre (D:5)
  2 quasits (D:4)
  A jelly (D:5)
  5 hounds
  A sleepcap (D:5)
  Terence (D:2)
  An orc wizard (D:5)
  A gnoll (D:4)
  5 adders
  3 shadow imps (D:4)
  5 white imps (D:4)
  2 ufetubi
  3 worms (D:2)
  4 dart slugs
  5 orcs
  9 bats
  10 endoplasms
  5 giant cockroaches
  8 goblins
  10 hobgoblins
  11 jackals
  2 quokkas
  12 ball pythons
  A frilled lizard (D:1)
  9 kobolds
  9 rats
  A butterfly (D:4)
127 creatures vanquished.

Notes
Turn   | Place    | Note
-------+----------+-------------------------------------------
     0 | D:1      | Ofeo the Armataur Reaver began the quest for the Orb.
     0 | D:1      | Reached XP level 1. HP: 18/18 MP: 3/3
     3 | D:1      | Noticed an electric eel
     4 | D:1      | Noticed an electric eel
    85 | D:1      | Reached XP level 2. HP: 10/23 MP: 2/4
   386 | D:1      | Reached XP level 3. HP: 18/31 MP: 6/6
  1661 | D:2      | Reached XP level 4. HP: 27/39 MP: 7/7
  2168 | D:2      | Noticed Terence
  2203 | D:2      | Killed Terence
  2216 | D:2      | Upgraded the game from 0.31-a0-233-g139696dc86 to
                  | 0.31-a0-237-g2d982f9f85
  2708 | D:3      | Found a radiant altar of Vehumet.
  3101 | D:3      | Reached XP level 5. HP: 43/47 MP: 8/8
  3176 | D:4      | Found a staircase to the Ecumenical Temple.
  3252 | D:4      | Identified the scarf "Niurah Ecva" {rC+ rF+, +Inv SInv}
  3289 | Temple   | Entered the Ecumenical Temple
  3530 | D:4      | Lost dexterity.
  3726 | D:4      | Found an ancient bone altar of Kikubaaqudgha.
  3728 | D:4      | Found a blossoming altar of Fedhas.
  3985 | D:4      | Reached XP level 6. HP: 28/54 MP: 9/9
  4480 | D:4      | Found an iron altar of Okawaru.
  4488 | D:4      | Became a worshipper of Warmaster Okawaru
  4656 | D:5      | Entered Level 5 of the Dungeon
  5338 | D:5      | Reached XP level 7. HP: 54/63 MP: 10/10
  5429 | D:5      | HP: 1/63 [acid (7)]
  6101 | D:5      | HP: 3/64 [orc/+0 flail (7)]
  6106 | D:5      | HP: 2/64 [orc/+0 flail (2)]
  6106 | D:5      | Slain by an orc

Illustrated notes

Levels and vault maps discovered:
D:1:      arrival_aquarium_b, layout_loops_ring, minmay_circled_x
D:2:      minmay_angry_zag, layout_basic, minmay_pentomino_t4, uniq_terence
D:3:      layout_rooms, nicolae_vehumet_radiance
D:4:      layout_rooms, okawaru_altar_gauntlet_db,
          grunt_temple_overflow_growth_and_decay,
          nicolae_overflow_hidden_temple, minmay_temple_entry_butterflies,
          serial_demonic, serial_demonic_a, serial_demonic_c, serial_demonic_a,
          serial_demonic_b, serial_demonic_b, serial_demonic_a, serial_demonic_g
D:5:      layout_loops_ring, bh_walls_and_bars
Temple:   compressed_dpeg_triangle_lava_temple

Skill      XL: |  1  2  3  4  5  6 |
---------------+-------------------+-----
Fighting       | 2 3 4 |  4.4
Spellcasting   | 2 |  2.0
Conjurations   | 3 |  3.0
Dodging        | 2 3 |  3.5
Axes           | 3 4 |  4.4

Action                     |  1- 3 |  4- 6 |  7- 9 || total
---------------------------+-------+-------+-------++-------
  Melee: Hand axe          |   145 |   363 |    62 ||   570
         Tailslap          |    21 |    25 |     6 ||    52
         Punch             |     1 |     1 |       ||     2
   Cast: Kiss of Death     |     1 |       |       ||     1
  Evoke: Wand              |       |     8 |       ||     8
    Use: Scroll            |       |     8 |     2 ||    10
         Potion            |       |     8 |     4 ||    12
   Stab: Invisible         |       |     2 |       ||     2
 Armour: Leather armour    |    72 |    10 |       ||    82
         Chain mail        |       |    35 |       ||    35
         Troll leather arm |       |   589 |    69 ||   658
         Skin              |       |       |     6 ||     6
  Dodge: Dodged            |    95 |   168 |     4 ||   267

Table legend: (Time is in decaauts)
 A = Elapsed time spent in this place.
 B = Non-inter-level travel time spent in this place.
 C = Inter-level travel time spent in this place.
 D = Time resting spent in this place.
 E = Time spent auto-exploring this place.
 F = Levels seen in this place.
 G = Mean time per level.
                   A        B        C        D        E       F      G
               +--------+--------+--------+--------+--------+-----+--------+
         Total |   7468 |   7228 |    240 |   1509 |   4232 |   6 | 1244.7 |
       Dungeon |   7273 |   7041 |    232 |   1509 |   4089 |   5 | 1454.6 |
        Temple |    195 |    187 |      8 |      0 |    143 |   1 |  195.0 |
               +--------+--------+--------+--------+--------+-----+--------+

Top non-repeatable levels by time:
     D:4: 2238 daAuts
     D:5: 1816 daAuts
     D:2: 1627 daAuts
     D:1: 1032 daAuts
     D:3: 558 daAuts
  Temple: 195 daAuts
